 Dungeon Crawl Stone Soup version 0.27-a0-385-g3208abaabc (webtiles) character file.

Game seed: 6527718257709496244

189 tilp the Insei (level 5, -1/35 HPs)
             Began as an Octopode Transmuter on Feb 18, 2021.
             Slain by a centaur (6 damage)
             ... on level 3 of the Dungeon.
             The game lasted 00:03:39 (4218 turns).

tilp the Insei (Octopode Transmuter)                Turns: 4218, Time: 00:03:40

Health: -1/35      AC:  1    Str:  9    XL:     5   Next: 68%
Magic:  8/8        EV: 13    Int: 17    God:
Gold:   150        SH:  0    Dex: 12    Spells: 5/8 levels left

rFire    . . .     SeeInvis .     - Unarmed
rCold    . . .     Faith    .   (no shield)
rNeg     . . .     Spirit   .   (helmet currently unavailable)
rPois    .         Reflect  .   (no amulet)
rElec    .         Harm     .   (no ring)
rCorr    .         Rampage  .   (no ring)
Will     .....                  (no ring)
Stlth    +++.......             (no ring)
HPRegen  0.11/turn              (no ring)
MPRegen  0.11/turn              (no ring)
                                (no ring)
                                (no ring)

@: appendages (expiring)
A: almost no armour, stealthy swim, amphibious, 8 rings, constrict 8, tentacle
spike 3, camouflage 1, gelatinous body 1
a: End Transformation


You were on level 3 of the Dungeon.
One of your tentacles had a temporary spike.
You visited 1 branch of the dungeon, and saw 3 of its levels.

You collected 150 gold pieces.

Inventory:

Missiles
 b - 114 stones
 f - a throwing net {!f}
 k - 13 poisoned darts (quivered)
Scrolls
 c - a scroll of blinking {unknown}
 d - a scroll of teleportation
 e - 2 scrolls of identify
 j - a scroll of enchant armour {unknown}
 l - a scroll of fear {unknown}
Potions
 a - a potion of lignification
 g - a potion of curing
 h - a potion of berserk rage {unknown}
 i - a potion of flight {unknown}


   Skills:
 + Level 2.5 Fighting
 - Level 2.0 Dodging
 - Level 4.0 Stealth
 * Level 4.7 Unarmed Combat
 - Level 2.0 Spellcasting
 - Level 2.0 Transmutations


You had 5 spell levels left.
You knew the following spells:

 Your Spells              Type           Power        Failure   Level
a - Beastly Appendage     Tmut           16%          9%          1
b - Wereblood             Tmut           8%           13%         2

Your spell library contained the following spells:

 Spells                   Type           Power        Failure   Level
 Spider Form              Tmut/Pois      2%           36%         3
 Ice Form                 Ice/Tmut       5%           77%         4
 Blade Hands              Tmut           4%           93%         5


Dungeon Overview and Level Annotations

Branches:
Dungeon (3/15)

Altars:
Cheibriados
Gozag
Nemelex Xobeh
The Shining One

Annotations:
D:3 Grinder, Terence


Innate Abilities, Weirdness & Mutations

You cannot wear most types of armour.
You are very stealthy in the water. (Stealth+)
You are amphibious.
You can wear up to eight rings at the same time.
You can use your tentacles to constrict eight enemies at once.
Your skin changes colour to match your surroundings (Stealth+).
Your rubbery body absorbs attacks. (AC +1, EV +1)
One of your tentacles bears a large vicious spike.


Message History

The centaur shoots an arrow.
The arrow hits you!
The centaur shoots an arrow.
The arrow barely misses you.
Casting: Beastly Appendage (safe; 9% risk of failure)
Confirm with . or Enter, or press ? or * to list all spells.
One of your tentacles grows a vicious spike.
You start resting.
A centaur is nearby!
Your transformation is almost over.
The centaur unwields a +0 shortbow.
The centaur hits you.
You tentacle-slap the centaur but do no damage.
The centaur is moderately wounded.
The centaur closely misses you.
You tentacle-slap the centaur.
Your tentacle spike misses the centaur.
Your squeeze misses the centaur.
The centaur is heavily wounded.
The centaur barely misses you. The centaur hits you!
* * * LOW HITPOINT WARNING * * *
You tentacle-slap the centaur.
The centaur is heavily wounded.
The centaur looks more healthy.
The centaur hits you.
* * * LOW HITPOINT WARNING * * *
You tentacle-slap the centaur but do no damage.
The centaur is severely wounded.
The centaur misses you. The centaur closely misses you.
You tentacle-slap the centaur but do no damage.
You pierce the centaur.
You squeeze the centaur.
The centaur is almost dead.
The centaur closely misses you.
You tentacle-slap the centaur but do no damage.
You pierce the centaur, but do no damage.
The centaur is almost dead.
The centaur hits you.
* * * LOW HITPOINT WARNING * * *
You tentacle-slap the centaur but do no damage.
Your tentacle spike misses the centaur.
The centaur is almost dead.
The centaur hits you.
* * * LOW HITPOINT WARNING * * *
The centaur hits you.
You die...

##### #.......# #.# #...#
....###.#####.####.########[..#
###................##.........#
#####.#####.####............###
#.......# #.##...#####....
#.......# #.##...# #####
######### #......#
####.###..######
#.@............#
#c##......#.##.###
#.##..#.###......#
#.##.....##......#
#.###.#..##......#
#.###.#>.##......#
#................#
#.####.#.######### #(####.#.#


You could see a centaur.

Vanquished Creatures
  A bullfrog zombie (D:3)
  An orc priest (D:3)
  An orc wizard (D:3)
  4 adders
  3 dart slugs
  2 leopard geckos (D:2)
  7 orcs (D:3)
  4 giant cockroaches
  3 goblins
  5 hobgoblins
  4 jackals
  A quokka (D:3)
  4 bats
  A frilled lizard (D:3)
  A jackal zombie (D:2)
  5 kobolds
  6 rats
53 creatures vanquished.

Notes
Turn   | Place    | Note
-------+----------+-------------------------------------------
     0 | D:1      | tilp the Octopode Transmuter began the quest for the Orb.
     0 | D:1      | Reached XP level 1. HP: 13/13 MP: 3/3
     3 | D:1      | Noticed an electric eel
     4 | D:1      | Noticed an electric eel
   309 | D:1      | Reached skill level 1 in Stealth
   683 | D:1      | Reached XP level 2. HP: 15/18 MP: 5/5
   700 | D:1      | Learned a level 2 spell: Wereblood
  2042 | D:2      | Reached XP level 3. HP: 21/23 MP: 4/6
  2189 | D:2      | Found a glowing golden altar of the Shining One.
  2892 | D:3      | Reached XP level 4. HP: 16/28 MP: 5/7
  3417 | D:3      | Found a sparkling altar of Nemelex Xobeh.
  3417 | D:3      | Found an opulent altar of Gozag.
  3436 | D:3      | Reached XP level 5. HP: 19/34 MP: 6/8
  3575 | D:3      | Noticed Terence
  4003 | D:3      | Noticed Grinder
  4011 | D:3      | Found a snail-covered altar of Cheibriados.
  4201 | D:3      | Noticed a centaur
  4218 | D:3      | Slain by a centaur

Illustrated notes

Levels and vault maps discovered:
D:1:      arrival_aquarium_b, layout_basic
D:2:      layout_rooms, nicolae_tso_swordbearing_angel, minmay_door_square,
          minmay_bisected
D:3:      layout_loops_cross, grunt_temple_overflow_opulence,
          lemuel_crystal_altar, uniq_terence, uniq_grinder

Skill      XL: |  1  2  3  4 |
---------------+-------------+-----
Stealth        | 2 4 |  4.0
Unarmed Combat | 4 |  4.7
Fighting       | 2 |  2.5
Dodging        | |  2.0
Spellcasting   | |  2.0
Transmutations | |  2.0

Action                   |  1- 3 |  4- 6 || total
-------------------------+-------+-------++-------
Melee: Unarmed           |    76 |    61 ||   137
       Constrict         |    21 |    13 ||    34
       Tentacles         |    15 |     5 ||    20
       Kick              |     8 |     8 ||    16
       Punch             |     2 |     2 ||     4
Throw: Stone             |     7 |       ||     7
       Dart              |       |     5 ||     5
 Cast: Beastly Appendage |     6 |     6 ||    12
       Wereblood         |     1 |     2 ||     3
  Use: Scroll            |     3 |       ||     3
       Potion            |       |     1 ||     1
 Stab: Sleeping          |    10 |     5 ||    15
Armor: Skin              |     5 |     2 ||     7
Dodge: Dodged            |    54 |    27 ||    81

Table legend: (Time is in decaauts)
 A = Elapsed time spent in this place.
 B = Non-inter-level travel time spent in this place.
 C = Inter-level travel time spent in this place.
 D = Time resting spent in this place.
 E = Time spent auto-exploring this place.
 F = Levels seen in this place.
 G = Mean time per level.
                   A        B        C        D        E       F      G
               +--------+--------+--------+--------+--------+-----+--------+
         Total |   4209 |   3884 |    325 |   1156 |   2329 |   3 | 1403.0 |
       Dungeon |   4209 |   3884 |    325 |   1156 |   2329 |   3 | 1403.0 |
               +--------+--------+--------+--------+--------+-----+--------+

Top non-repeatable levels by time:
     D:1: 1839 daAuts
     D:3: 1700 daAuts
     D:2: 669 daAuts
